Selects Battlefield Espionage Battlegroup
Selects Battlefield Espionage Battlegroup
Construct Light Support Kompanie
Selects Intel Disruption Beacon
Panzerjäger Mechanized Group
Construct Mechanized Kompanie
254 Reconnaissance Tractor
Marder III Tank Destroyer
Selects Disruption Operation
Marder III Tank Destroyer
Selects 250/3 Funkpanzerwagen
Marder III Tank Destroyer
254 Reconnaissance Tractor
Selects Advanced Ambush Training
Selects Operation Skorpion
Construct Panzerarmee Kommand
Flak 36 Anti-tank Gun Team